 Dungeon Crawl Stone Soup version 0.26-a0-858-gbf766624f9 (webtiles) character file.

Game seed: 4458228621981472163

3070 mhtbhm the Thaumaturge (level 9, -1/47 HPs)
             Began as a Deep Elf Earth Elementalist on Nov 24, 2020.
             Was a Follower of Vehumet.
             Killed from afar by an orc wizard (10 damage)
             ... with a magic dart
             ... on level 7 of the Dungeon.
             The game lasted 00:23:03 (9500 turns).

mhtbhm the Thaumaturge (DEEE)                       Turns: 9500, Time: 00:23:03

Health: -1/47      AC:  3    Str:  5    XL:     9   Next: 58%
Magic:  4/26       EV: 14    Int: 26    God:    Vehumet [*.....]
Gold:   199        SH:  0    Dex: 15    Spells: 15/30 levels left

rFire    + . .     SeeInvis .   a - +3 whip of Wyrd {speed, +Blink +Rage Int+2}
rCold    + . .     Faith    .   (no shield)
rNeg     . . .     Spirit   .   c - +0 robe
rPois    .         Reflect  .   e - +0 helmet
rElec    .         Harm     .   j - scarf {rC+ rF+}
rCorr    .         Rampage  .   (no gloves)
MR       .....                  (no boots)
Stlth    +++.......             w - amulet of magic regeneration
HPRegen  0.15/turn              (no ring)
MPRegen  0.45/turn              (no ring)

@: lethally poisoned (-1 -> -9)
A: no striking features
a: Renounce Religion, Evoke Blink, Evoke Berserk Rage


You were on level 7 of the Dungeon.
You worshipped Vehumet.
Vehumet was aware of your devotion.
You visited 2 branches of the dungeon, and saw 8 of its levels.
You also visited: Ossuary.

You collected 423 gold pieces.
You spent 224 gold pieces at shops.

Inventory:

Hand Weapons
 a - the +3 whip of Wyrd (weapon) {speed, +Blink +Rage Int+2}
   (You found it on level 6 of the Dungeon)

   Attacks with this weapon are significantly faster.
   It affects your intelligence (+2).
   It lets you blink.
   It lets you go berserk.
 i - a +2 quarterstaff of draining
 A - the +8 flail "Witre" {flame, rElec}
   (You found it on level 7 of the Dungeon)

   It has been specially enchanted to burn those struck by it, causing extra
   injury to most foes and up to half again as much damage against particularly
   susceptible opponents.
   It insulates you from electricity.
Missiles
 b - 72 stones
 l - 12 atropa-tipped darts (quivered)
Armour
 c - a +0 robe (worn)
 e - a +0 helmet (worn)
 j - a scarf of resistance (worn)
Jewellery
 w - an amulet of magic regeneration (around neck)
Wands
 v - a wand of random effects (20)
Scrolls
 f - 4 scrolls of amnesia
 o - 2 scrolls of blinking
 r - a scroll of enchant weapon
 x - a scroll of teleportation
 y - a scroll of identify
 z - a scroll of enchant armour {unknown}
Potions
 d - 7 potions of curing
 g - 6 potions of brilliance {unknown}
 h - 3 potions of might {unknown}
 k - 3 potions of magic {unknown}
 m - a potion of berserk rage {unknown}
 n - 2 potions of cancellation {unknown}
 p - 2 potions of resistance {unknown}
 q - 2 potions of ambrosia {unknown}
 s - 2 potions of flight {unknown}
 t - a potion of haste {unknown}
 u - 3 potions of attraction {unknown}


   Skills:
 + Level 1.5 Fighting
 * Level 1.8(2.0) Maces & Flails
 + Level 1.3(2.1) Staves
 + Level 1.7 Throwing
 + Level 4.0 Dodging
 - Level 4.7 Stealth
 * Level 11.1 Spellcasting
 + Level 1.5 Conjurations
 - Level 2.4 Transmutations
 * Level 9.4 Earth Magic


You had 15 spell levels left.
You knew the following spells:

 Your Spells              Type           Power        Failure   Level
a - Sandblast             Erth           ######       1%          1
b - Passwall              Tmut/Erth      #####...     1%          2
c - Stone Arrow           Conj/Erth      #####.       1%          3
d - Lee's Rapid Deconstr  Erth           ######....   2%          5
e - Petrify               Tmut/Erth      #####...     3%          4

Your spell library contained the following spells:

 Spells                   Type           Power        Failure   Level
 Magic Dart               Conj           ###.         2%          1


Dungeon Overview and Level Annotations

Branches:
Dungeon (7/15)             Temple (1/1) D:7         Ossuary (visited)

Altars:
Cheibriados
Elyvilon
Gozag
Hepliaklqana
Kikubaaqudgha
Okawaru
Qazlal
Ru
Sif Muna
Trog
Vehumet
Zin

Shops:
D:4 (   D:6 [

Annotations:
D:4 2 transporters, Chroloform's ghost, novice MiBe


Message History

The bat moves out of view.
An adder and a scorpion come into view.
Unknown command.
Casting: Lee's Rapid Deconstruction (dangerous; 2% risk of failure)
Confirm with . or Enter, or press ? or * to list all spells.
Aiming: Petrify (dangerous; 3% risk of failure)
Press: ? - help, Shift-Dir - straight line, f - scorpion
Aim: a scorpion (chance to defeat MR: 70%)
The scorpion is moving more slowly.
The adder hisses angrily. x2
The bat pulls away from the web.
The scorpion stings you.
* * * LOW HITPOINT WARNING * * *
You are poisoned.
The scorpion poisons you!
You pick your way through the web.
* * * LOW HITPOINT WARNING * * *
You feel sick. The orc wizard casts a spell at you. The magic dart hits you!
You die...

#.Z#... ####...#
#.### #.....
##....### #...#
#o)'###.......#####.#
#.†So))o.............
#..o###....####..#...
######....## ##.....
#..##..# ##..... #.#
..... #....[.
##@#..###.. #......
#.s#.. #.##......
#^##.. #.........
^.##( ######...#
..s##...# #.### .S...
#...).### #.)# ....
#..<#######)## .^^.
###........... ...
#########.##


You could see 2 scorpions and an orc wizard (fast).

Vanquished Creatures
  Pikel (D:5)
  3 ice beasts
  A sky beast (D:7)
  3 ogres
  3 lemures (D:5)
  A centaur (D:7)
  A big kobold (D:7)
  Blork the orc (D:5)
  2 bullfrogs
  3 water moccasin zombies (Ossuary)
  5 scorpions
  2 howler monkeys
  4 wights (D:7)
  3 hounds
  2 orc priests
  7 orc wizards
  2 bullfrog skeletons (D:5)
  A centaur skeleton (D:5)
  A jelly (D:6)
  An iguana (D:5)
  6 worker ants
  A big kobold zombie (Ossuary)
  A hound skeleton (D:4)
  2 mummies (Ossuary)
  7 gnolls
  7 adders
  A worker ant zombie (D:7)
  A shadow imp (D:6)
  A white imp (D:6)
  3 oozes
  An adder skeleton (D:4)
  6 adder zombies
  3 worms (D:3)
  5 dart slugs
  8 leopard geckos
  13 orcs
  8 bats
  3 giant cockroaches
  5 goblins
  5 hobgoblins
  16 jackals
  11 kobolds
  3 quokkas
  2 ball pythons
  5 frilled lizards
  3 gnoll zombies (Ossuary)
  A hobgoblin zombie (Ossuary)
  5 kobold zombies (Ossuary)
  A leopard gecko skeleton (D:7)
  2 quokka skeletons
  2 quokka zombies
  6 rats
191 creatures vanquished.

Vanquished Creatures (others)
  7 fungi (D:7)
  5 plants (D:7)
12 creatures vanquished.

Grand Total: 203 creatures vanquished

Notes
Turn   | Place    | Note
-------+----------+-------------------------------------------
     0 | D:1      | mhtbhm the Deep Elf Earth Elementalist began the quest for
                  | the Orb.
     0 | D:1      | Reached XP level 1. HP: 10/10 MP: 6/6
   299 | D:1      | Reached XP level 2. HP: 14/15 MP: 5/8
   378 | D:1      | Learned a level 2 spell: Passwall
   583 | D:1      | Reached XP level 3. HP: 15/19 MP: 6/10
   590 | D:1      | Learned a level 3 spell: Stone Arrow
  1032 | D:2      | Reached skill level 4 in Spellcasting
  1715 | D:3      | Reached XP level 4. HP: 24/24 MP: 7/12
  2468 | D:3      | Found a faded altar of an unknown god.
  2571 | D:4      | Reached skill level 5 in Spellcasting
  2571 | D:4      | Reached skill level 5 in Earth Magic
  2571 | D:4      | Reached XP level 5. HP: 28/28 MP: 8/14
  2950 | D:4      | Found a transporter.
  2950 | D:4      | Noticed an orc warrior
  2950 | D:4      | Noticed Chroloform's ghost (novice MiBe)
  2960 | D:4      | Found a transporter.
  2979 | D:4      | Found Ucog's Antique Weapon Shop.
  2992 | D:4      | Bought a glowing quarterstaff for 224 gold pieces
  3027 | D:4      | Found an opulent altar of Gozag.
  3254 | D:4      | Reached XP level 6. HP: 33/33 MP: 14/16
  3260 | D:4      | Learned a level 5 spell: Lee's Rapid Deconstruction
  3265 | D:4      | Learned a level 4 spell: Petrify
  3492 | D:4      | Reached skill level 6 in Spellcasting
  3773 | D:4      | Reached skill level 1 in Fighting
  3882 | D:4      | Reached XP level 7. HP: 31/38 MP: 6/19
  4225 | D:5      | Entered Level 5 of the Dungeon
  4569 | D:5      | Reached skill level 7 in Spellcasting
  5420 | D:5      | Reached skill level 1 in Staves
  5710 | D:5      | Reached skill level 1 in Conjurations
  5771 | D:5      | Noticed Pikel
  5792 | D:5      | Killed Pikel
  5793 | D:5      | Reached skill level 1 in Throwing
  5793 | D:5      | Reached skill level 9 in Spellcasting
  5793 | D:5      | Reached XP level 8. HP: 23/43 MP: 10/23
  6494 | D:5      | Noticed Blork the orc
  6499 | D:5      | Killed Blork the orc
  6780 | D:6      | Found a stormy altar of Qazlal.
  6888 | D:6      | Found Poigop's Armour Shop.
  6896 | D:6      | Got an encrusted whip
  6897 | D:6      | Identified the cursed +3 whip of Wyrd {speed, +Blink +Rage
                  | Int+2} (You found it on level 6 of the Dungeon)
  7016 | D:6      | Found a sand-covered staircase.
  7034 | Ossuary  | Entered an ossuary
  7357 | Ossuary  | Reached skill level 1 in Maces & Flails
  7949 | Ossuary  | Reached XP level 9. HP: 27/47 MP: 24/24
  8663 | D:7      | Reached skill level 10 in Spellcasting
  8887 | D:7      | Found a staircase to the Ecumenical Temple.
  8904 | Temple   | Entered the Ecumenical Temple
  8967 | Temple   | Became a worshipper of Vehumet
  9342 | D:7      | Got a steaming flail
  9343 | D:7      | Identified the +8 flail "Witre" {flame, rElec} (You found
                  | it on level 7 of the Dungeon)
  9475 | D:7      | Reached skill level 11 in Spellcasting
  9485 | D:7      | Reached * piety under Vehumet
  9485 | D:7      | Offered knowledge of Magic Dart by Vehumet.
  9500 | D:7      | Killed from afar by an orc wizard

Illustrated notes

Levels and vault maps discovered:
D:1:      minmay_arrival_up_and_down, layout_rooms
D:2:      layout_basic, kennysheep_generic_room_11
D:3:      layout_rooms, chequers_ecumenical_altar_simple
D:4:      minmay_diamond_boxcup, layout_gridville, serial_shops,
          nicolae_shop_stone, gammafunk_ghost_arena, grunt_gozag_statues
D:5:      layout_basic, uniq_blork_the_orc, uniq_pikel
D:6:      layout_layer_cave, enter_ossuary_2, serial_shops, nicolae_shop_trees,
          basic_altar
D:7:      old_forge, layout_rooms, minmay_temple_entry_waves,
          kennysheep_cluttered_room, kennysheep_small_circle
Temple:   regret_index_temple_waves

Skill      XL: |  1  2  3  4  5  6  7  8  9 |
---------------+----------------------------+-----
Earth Magic    | 4 5 6 7 8 9 |  9.4
Spellcasting   | 4 5 6 9 11 | 11.1
Stealth        | 3 4 |  4.7
Dodging        | 3 4 |  4.0
Fighting       | 1 |  1.5
Staves         | 1 |  1.3
Conjurations   | 1 |  1.5
Throwing       | 1 |  1.7
Maces & Flails | 1 |  1.8
Transmutations | 2 |  2.4

Action                   |  1- 3 |  4- 6 |  7- 9 || total
-------------------------+-------+-------+-------++-------
Melee: Unarmed           |    11 |       |       ||    11
       Hand axe          |    14 |    16 |       ||    30
       Quarterstaff      |       |     5 |    34 ||    39
       Whip              |       |       |   152 ||   152
Throw: Dart              |       |       |    13 ||    13
 Cast: Sandblast         |    52 |    51 |    65 ||   168
       Lee's Rapid Decon |       |     2 |    47 ||    49
       Stone Arrow       |       |       |    10 ||    10
       Petrify           |       |       |     8 ||     8
  Use: Scroll            |       |     4 |     7 ||    11
       Potion            |       |     2 |       ||     2
 Stab: Sleeping          |       |     2 |     3 ||     5
       Distracted        |       |       |     1 ||     1
Armor: Robe              |    14 |     1 |    39 ||    54
Dodge: Dodged            |    31 |    35 |   159 ||   225

Table legend: (Time is in decaauts)
 A = Elapsed time spent in this place.
 B = Non-inter-level travel time spent in this place.
 C = Inter-level travel time spent in this place.
 D = Time resting spent in this place.
 E = Time spent auto-exploring this place.
 F = Levels seen in this place.
 G = Mean time per level.
                   A        B        C        D        E       F      G
               +--------+--------+--------+--------+--------+-----+--------+
         Total |   9474 |   9300 |    174 |   4132 |   3245 |   9 | 1052.7 |
       Dungeon |   8299 |   8137 |    162 |   3277 |   3184 |   7 | 1185.6 |
        Temple |     87 |     75 |     12 |      0 |     60 |   1 |   87.0 |
       Ossuary |   1088 |   1088 |      0 |    855 |      1 |   1 | 1088.0 |
               +--------+--------+--------+--------+--------+-----+--------+

Top non-repeatable levels by time:
     D:5: 2560 daAuts
     D:4: 1663 daAuts
 Ossuary: 1088 daAuts
     D:1: 944 daAuts
     D:6: 911 daAuts
     D:3: 857 daAuts
     D:2: 769 daAuts
     D:7: 592 daAuts
  Temple: 87 daAuts
